 Dungeon Crawl Stone Soup version 0.17-a0-68-g6943d70 (webtiles) character file.

367352 Sixotanaka the Spry (level 21, -8/194 HPs)
             Began as a Black Draconian Transmuter on Mar 10, 2015.
             Was the Champion of Makhleb.
             Mangled by a vault guard
             ... wielding a +4 long sword
              (22 damage)
             ... on level 5 of the Vaults on Mar 12, 2015.
             The game lasted 03:14:19 (56848 turns).

Sixotanaka the Spry (Black Draconian Transmuter)   Turns: 56848, Time: 03:14:19

Health: -8/194     AC: 18    Str: 18    XL:     21   Next: 62%
Magic:  41/41      EV: 42    Int: 20    God:    Makhleb [******]
Gold:   2658       SH:  0    Dex: 34    Spells: 7 memorised, 2 levels left

rFire  . . .     SeeInvis .       - Unarmed
rCold  . . .     Clarity  .     (armour unavailable)
rNeg   . . .     SustAb   .     c - melded +0 shield "Kuer" {Contam rPois rF++ Str+3}
rPois  .         Gourm    .     f - +3 hat of Pondering {ponderous, MR+ MP+10 Int+5}
rElec  +         Spirit   .     N - +1 cloak
rCorr  .         Warding  .     E - melded +2 pair of gloves
rMut   +         Stasis   .     T - +1 pair of boots {run}
MR     ++...                    k - amulet of resist mutation
Stlth  ++++......               y - +4 ring of dexterity
                                X - +5 ring of dexterity

@: mighty, agile, blade hands, flying, very slightly contaminated, hasted, very
quick, very resistant to hostile enchantments, stealthy
A: breathe lightning, able to fly continuously, unfitting armour, big wings,
electricity resistance, wild magic 1, cold-blooded, AC +11
a: Breathe Lightning, Stop Flying, End Transformation, Minor Destruction, Lesser
Servant of Makhleb, Major Destruction, Greater Servant of Makhleb, Renounce
Religion
}: 2/15 runes: decaying, gossamer


You were on level 5 of the Vaults.
You worshipped Makhleb.
Makhleb was exalted by your worship.
You were hungry.
You had blades for hands.
You visited 8 branches of the dungeon, and saw 46 of its levels.
You visited the Abyss 1 time.
You also visited: Ossuary.

You collected 5037 gold pieces.
You spent 2379 gold pieces at shops.


Innate Abilities, Weirdness & Mutations

You can breathe wild blasts of lightning.
You can fly continuously.
Your glossy black scales are hard (AC +11).
Your body does not fit into most forms of armour.
Your wings are large and strong.
You are resistant to electric shocks.
Your cold-blooded metabolism reacts poorly to cold.
Your spells are a little harder to cast, but a little more powerful.


   Skills:
 + Level 18.1 Fighting
 - Level 20.3 Dodging
 - Level 15.0 Shields
 + Level 15.1 Unarmed Combat
 - Level 2.2 Spellcasting
 - Level 9.0 Charms
 - Level 13.0 Transmutations
 - Level 8.5 Invocations
 - Level 8.5 Evocations


You had 2 spell levels left.
You knew the following spells:

 Your Spells              Type           Power        Failure   Level  Hunger
a - Phase Shift           Tloc           #.........   100%        5    ######.
e - Apportation           Tloc           #.........   73%         1    #......
t - Control Teleport      Chrm/Tloc      ####......   80%         4    #####..
u - Ice Form              Ice/Trmt       #####...     65%         4    #####..
x - Blade Hands           Trmt           ######....   34%         5    ######.
z - Beastly Appendage     Trmt           ######       16%         1    #......
A - Stoneskin             Trmt/Erth      #####...     30%         2    ##.....


Dungeon Overview and Level Annotations

Branches:
Dungeon (15/15)            Temple (1/1) D:6            Lair (8/8) D:8
  Swamp (5/5) Lair:4       Spider (5/5) Lair:4        Slime (0/6) Lair:6
    Orc (4/4) D:10            Elf (3/3) Orc:3        Vaults (5/5) D:14
  Crypt (0/3) Vaults:3     Depths (0/5) D:15

Altars:
Ashenzari
Cheibriados
Dithmenos
Elyvilon
Fedhas
Gozag
Kikubaaqudgha
Makhleb
Nemelex Xobeh
Okawaru
Qazlal
Ru
Sif Muna
Trog
Vehumet
Xom
Yredelemnul
Zin
The Shining One
Beogh
Jiyva

Shops:
D:5 [   D:7 *   D:10 [   D:12 *   Orc:4 %*![}   Elf:3 (

Portals:
Pandemonium: Orc:4

Annotations:
D:6 Blork the orc
Lair:7 exclusion: ice statue
Elf:2 1 runed door

Inventory:

Hand weapons
 a - a +5 blowgun
Missiles
 r - 11 curare-tipped needles
 t - 87 tomahawks (quivered)
 Q - 2 throwing nets
 R - 6 needles of slowing
Armour
 c - the +0 shield "Kuer" (melded) {Contam rPois rF++ Str+3}
   (You bought it in a shop on level 10 of the Dungeon)

   It affects your strength (+3).
   It greatly protects you from fire.
   It protects you from poison.
   It causes magical contamination when unequipped.
 f - the +3 hat of Pondering (worn) {ponderous, MR+ MP+10 Int+5}
   (You found it on level 2 of the Spider Nest)

   It affects your intelligence (+5).
   It affects your resistance to hostile enchantments.
   It affects your magic capacity (+10).
 E - a +2 pair of gloves (melded)
 N - a +1 cloak (worn)
 T - a +1 pair of boots of running (worn)
   (You found it on level 3 of the Elven Halls)
Jewellery
 k - an amulet of resist mutation (around neck)
 y - a +4 ring of dexterity (right scythe-like blade)
 A - an uncursed amulet of guardian spirit
 X - a +5 ring of dexterity (left scythe-like blade)
Magical devices
 h - a wand of heal wounds (9) {@v2}
 i - a wand of hasting (8) {@v3}
 W - a wand of teleportation (6) {@v4}
Scrolls
 b - a scroll of vulnerability {!r}
 d - 2 scrolls of holy word
 j - 2 scrolls of recharging
 s - 6 scrolls of fog
 x - 4 scrolls of identify {@r1}
 C - 19 scrolls of remove curse {@r2}
 D - 3 scrolls of fear
 G - 8 scrolls of magic mapping
 H - 12 scrolls of teleportation {@r4}
 J - a scroll of silence
Potions
 g - 4 potions of magic
 l - 10 potions of restore abilities
 n - 6 potions of agility
 o - 7 potions of haste {@q3}
 p - 10 potions of curing {@q1}
 v - 11 potions of might
 z - a potion of cure mutation
 F - a potion of resistance
 L - a potion of ambrosia {!q}
 S - 4 potions of cancellation
 U - 11 potions of brilliance
Miscellaneous
 e - a box of beasts {used: 3}
 q - 2 phantom mirrors
 w - a phial of floods
 V - a sack of spiders {used: 1}
Comestibles
 m - 3 beef jerkies
 u - 24 fruits
 B - 3 chunks of flesh
 P - 11 meat rations
 Z - 15 bread rations

#.. ..#....#
#.#....#
##.#....###
##.p#........
C...........
#####.CX.......
......CDpp<......
......pp@pp<.....
......Hpppp......
......9pppC....
#####.Cc.....##
...(.......
...#.?..#..
.#..#....#.
#..#....# #..


You could see a tentacled monstrosity, an ironheart preserver, 3 titans, a storm
dragon, a fire giant, a sphinx, a vault warden, a yaktaur captain, 12 vault
guards, an ettin and a war gargoyle.


Message History

The storm dragon completely misses you. x3
The vault guard hits you with a war axe!
The vault guard hits you from afar with an enchanted halberd.
A tentacled monstrosity comes into view.
You slice the vault guard!!!
You kill the vault guard!
Makhleb accepts your kill.
You feel a little better.
You hear two shouts!
The vault guard completely misses you. x2
The storm dragon misses you. The storm dragon completely misses you.
The storm dragon completely misses you. The vault guard completely misses you.
You shred the fire giant!!!!
You kill the fire giant!
Makhleb accepts your kill.
You feel a little better.
The titan waves its arms in wide circles.
The air twists around and violently strikes you in flight!
The vault guard closely misses you. The vault guard misses you.
The ironheart preserver completely misses you.
The vault guard completely misses you.
A vault warden comes into view. It is wielding a long sword.
You slash the vault guard!
The runic seals fade away.
The vault guard hits you with a long sword of protection!
The storm dragon completely misses you.
The storm dragon claws you but does no damage.
The storm dragon closely misses you.
The vault warden activates a sealing rune. x2
The vault guard completely misses you.
The vault guard hits you but does no damage.
You shred the vault guard!!!!
You kill the vault guard!
Makhleb accepts your kill.
You feel a little better.
The vault guard hits you but does no damage.
The storm dragon completely misses you. The storm dragon barely misses you.
The storm dragon completely misses you.
The ironheart preserver closely misses you.
The vault guard hits you with a war axe!
You slice the vault guard!!! You tail-slap the vault guard.
The vault guard hits you from afar with an enchanted halberd!!
* * * LOW HITPOINT WARNING * * *
The vault guard barely misses you. The vault guard completely misses you.
You slice the vault warden!!! You tail-slap the vault warden!
The eye of devastation changes into something you cannot see!
The vault guard hits you with a broad axe of freezing!!
* * * LOW HITPOINT WARNING * * *
The vault guard freezes you.
* * * LOW HITPOINT WARNING * * *
You feel yourself slow down. The vault guard barely misses you.
The storm dragon bites you.
* * * LOW HITPOINT WARNING * * *
The storm dragon completely misses you. x2
The vault guard barely misses you.
You slash the vault warden!!
You kill the vault warden!
Makhleb accepts your kill.
The runic seals fade away.
The vault guard hits you from afar with an enchanted halberd!!
* * * LOW HITPOINT WARNING * * *
The vault guard completely misses you. The storm dragon barely misses you.
The storm dragon barely misses you. The storm dragon completely misses you.
The vault guard completely misses you.
A fire giant comes into view.
It is wielding a great sword of flaming.
You feel yourself speed up.
The vault warden activates a sealing rune.
The vault guard hits you with a war axe!
* * * LOW HITPOINT WARNING * * *
The vault guard hits you with an enchanted long sword!!
You die...

Action                   |  1- 3 |  4- 6 |  7- 9 | 10-12 | 13-15 | 16-18 | 19-21 || total
-------------------------+-------+-------+-------+-------+-------+-------+-------++-------
Melee: Unarmed           |    69 |   199 |   380 |   661 |  1558 |  2077 |  2075 ||  7019
Throw: Tomahawk          |       |       |    13 |       |     4 |     3 |     1 ||    21
 Cast: Beastly Appendage |     8 |    24 |    46 |    48 |    27 |    62 |    16 ||   231
       Blade Hands       |       |       |       |    25 |    75 |    10 |    22 ||   132
       Ice Form          |       |       |       |     1 |     5 |       |       ||     6
       Apportation       |       |       |       |       |       |       |     1 ||     1
       Stoneskin         |       |       |       |       |       |       |     1 ||     1
Invok: Major Destruction |       |       |       |       |       |       |     1 ||     1
       Greater Servant o |       |       |       |       |       |       |     4 ||     4
 Abil: Breathe Lightning |       |       |    11 |     1 |     4 |     3 |       ||    19
       End Transformatio |       |       |       |       |     4 |       |     1 ||     5
       Fly               |       |       |       |       |     1 |       |     1 ||     2
Evoke: Phial of floods   |       |       |       |       |     1 |       |       ||     1
       Sack of spiders   |       |       |       |       |     1 |       |       ||     1
       Wand              |       |       |       |       |       |     4 |     6 ||    10
       Box of beasts     |       |       |       |       |       |       |     4 ||     4
  Use: Scroll            |       |     2 |    12 |     4 |    21 |    19 |    10 ||    68
       Potion            |       |     1 |     1 |     2 |     1 |     7 |    15 ||    27
 Stab: Sleeping          |     2 |     1 |     2 |     1 |    15 |    13 |     5 ||    39
       Distracted        |       |     1 |     1 |       |     4 |     3 |     6 ||    15
       Invisible         |       |     1 |       |       |       |       |       ||     1
       Held in net/web   |       |       |       |       |       |     2 |       ||     2
  Eat: Chunk             |       |    11 |     9 |    15 |    41 |    29 |    14 ||   119
       Meat ration       |       |       |     2 |     3 |     4 |     3 |     4 ||    16
       Beef jerky        |       |       |     1 |     2 |     5 |       |     1 ||     9
       Pizza             |       |       |       |     1 |     4 |     1 |     2 ||     8
       Fruit             |       |       |       |       |     1 |     4 |       ||     5
       Royal jelly       |       |       |       |       |     1 |     1 |       ||     2
       Bread ration      |       |       |       |       |       |     2 |     2 ||     4

Vault maps used:
D:1:      scummos_arrival_forest, minivault_27
D:2:      first_bread, solitary_fountain, grunt_decor_resistance
D:3:      minmay_door_path, bloody_trog, xom_teletrap_fun,
          kennysheep_generic_room_11
D:4:      overflow_temple_1_default, amethyst_killhole
D:5:      serial_shops, nicolae_shop_trees, nicolae_ossuary_entry_plus,
          okawaru_ov_weapons_minmay
D:6:      temple_hall, uniq_blork_the_orc
D:7:      serial_shops, shop, grunt_ogre_cave
D:8:      lair_0_dummy
D:9:      kennysheep_little_box, minitemple, kennysheep_mini_moat, uniq_maurice
D:10:     orc_david_3, spider_trap,
          nicolae_gozag_cash_rules_everything_around_me, uniq_nergalle
D:12:     guppyfry_shop_earth, uniq_joseph
D:13:     lemuel_mausoleum_altar_yredelemnul, uniq_psyche
D:14:     david_vaults_2
D:15:     grunt_enter_depths_snipers, minmay_door_square, uniq_maud
Temple:   roderic_octagonal_lattice_temple
Lair:1:   columned_hall_lemuel, grunt_megastairs_3
Lair:2:   infiniplex_staircase_pool_2
Lair:3:   serial_forest, infiniplex_forest_end_2, infiniplex_forest_clump_small,
          infiniplex_forest_clump_diagonal, infiniplex_forest_straight_4,
          infiniplex_forest_straight_2, infiniplex_forest_zigzag_1
Lair:4:   minmay_swamp_entry_worms, nicolae_spider_entry_tight_spaces,
          st_stairs_10, small_statue_intersection
Lair:5:   beast_lair_carwin_large_2, forest_entry_grove
Lair:6:   slime_altar_1, grunt_megastairs_1, lemuel_fruit_fields
Lair:7:   lemuel_ratsnest, basic_altar, serial_bayou_lagoon_a,
          grunt_forest_small_clearings, ice2_lemuel, uniq_erica, uniq_snorg
Lair:8:   guppyfry_lair_end_dragon, st_stairs_8
Swamp:1:  serial_swamp_ruin, hangedman_swamp_ruin_wall,
          evilmike_swamp_ruin_rubble_1, evilmike_swamp_ruin_rubble_2
Swamp:2:  evilmike_swamp_ruin_house_2, swamp_pool1
Swamp:3:  evilmike_swamp_ruin_house_1, uniq_wiglaf
Swamp:4:  evilmike_swamp_ruin_wall, swamp_pool5, uniq_donald, uniq_roxanne
Swamp:5:  swamp, swamp_pool3
Spider:1: spiders_nest_spider_trap
Spider:2: hangedman_spider_trapstep, nicolae_spider_cling_ruins, uniq_nikola
Spider:3: uniq_asterion, uniq_norris, uniq_kirke, uniq_frances, uniq_arachne,
          uniq_agnes
Spider:4: spider_trap, nicolae_spider_webs_and_nodes, uniq_aizul
Spider:5: guppyfry_spider_rune
Orc:1:    lightli_church_of_beogh
Orc:3:    nicolae_orc_pool_cavern, uniq_josephine
Orc:4:    pf_orc_diabolical, serial_shops, nicolae_shop_stone,
          nicolae_orc_damp_corner, library_closet, nicolae_orc_rockfall
Elf:1:    portal_ice_cave_entry_horrid_things, minivault_28, minivault_11,
          minivault_27
Elf:2:    serial_sigils_hangedman_quiver
Elf:3:    minmay_elf_hall_dome, serial_shops, nicolae_shop_crystal, basic_altar
Vaults:1: v_rooms_6, v_misc_18, nicolae_vaults_yaktaur_gun_rack,
          nicolae_vaults_little_squares_5, nicolae_vaults_what_the_h,
          hangedman_vaults_maws, vaults_mumra_minichess_inversion,
          ontoclasm_vaults_pinch
Vaults:2: nicolae_vaults_ring_of_whatevers, vaults_room_door_ring,
          vaults_room_door_ring, vaults_room_door_ring,
          nicolae_vaults_little_squares_4, ontoclasm_vaults_ligature,
          vaults_room_door_ring, vaults_room_pools, v_alt_pattern_3,
          st_smaller_cells
Vaults:3: ontoclasm_vaults_misaligned, hangedman_vaults_impose, v_alt_pattern_1,
          nicolae_vaults_stairing_the_circle, minmay_crypt_entry_simple_corners,
          v_misc_29, nicolae_vaults_big_ls, vaults_room_pools,
          ontoclasm_vaults_fault, ontoclasm_vaults_spin,
          vaults_room_fancy_cross, uniq_jorgrun
Vaults:4: hangedman_vaults_pinch, ontoclasm_vaults_claustrophobia, v_rooms_6,
          vaults_room_fours, hangedman_vaults_hat, hangedman_vaults_stitches,
          nicolae_vaults_ring_of_whatevers, vaults_mumra_bighexcomb,
          vaults_room_corners, nicolae_vaults_little_squares_3,
          nicolae_vaults_diagonal_hallway_7, ontoclasm_vaults_loading_screen,
          ontoclasm_vaults_twist, serial_glass
Ossuary:  ossuary_zaba_flooded

Notes
Turn   | Place    | Note
--------------------------------------------------------------
     0 | D:1      | Sixotanaka, the Draconian Transmuter, began the quest for the Orb.
     0 | D:1      | Reached XP level 1. HP: 16/16 MP: 3/3
   413 | D:2      | Reached XP level 2. HP: 23/23 MP: 4/4
   453 | D:2      | Reached skill level 4 in Unarmed Combat
   474 | D:2      | Reached XP level 3. HP: 13/28 MP: 4/6
   999 | D:2      | Reached XP level 4. HP: 30/35 MP: 4/7
  1061 | D:2      | Reached skill level 5 in Unarmed Combat
  1458 | D:3      | Noticed a phantom
  1472 | D:3      | Killed a phantom
  1472 | D:3      | Reached skill level 6 in Unarmed Combat
  1472 | D:3      | Reached XP level 5. HP: 30/40 MP: 9/9
  1734 | D:3      | Noticed a giant frog
  1751 | D:3      | HP: 7/40 [giant frog (4)]
  1752 | D:3      | Killed a giant frog
  2036 | D:3      | Reached XP level 6. HP: 41/47 MP: 8/10
  2094 | D:3      | HP: 3/47 [orc priest/divine providence (11)]
  2404 | D:3      | Reached skill level 7 in Unarmed Combat
  2526 | D:3      | Found a shimmering altar of Xom.
  2640 | D:3      | Found a bloodstained altar of Trog.
  2722 | D:3      | Noticed Sixotanaka's ghost (average DrTm)
  3501 | D:4      | HP: 7/47 [orc wizard/puff of frost (6)]
  3507 | D:4      | HP: 4/47 [poisoned by a worker ant]
  3512 | D:4      | HP: 3/47 [poisoned by a worker ant]
  3519 | D:4      | HP: 2/47 [poisoned by a worker ant]
  3527 | D:3      | HP: 1/47 [poisoned by a worker ant]
  3921 | D:4      | Reached skill level 8 in Unarmed Combat
  3921 | D:4      | Your scales start taking on a glossy black colour.
  3921 | D:4      | Gained mutation: You are resistant to electric shocks. [draconian maturity]
  3921 | D:4      | Reached XP level 7. HP: 52/52 MP: 10/12
  3954 | D:4      | Found a shadowy altar of Dithmenos.
  4290 | D:4      | Reached skill level 9 in Unarmed Combat
  4704 | D:5      | Entered Level 5 of the Dungeon
  4708 | D:5      | Noticed edsrzf's ghost (average DrTm)
  4860 | D:5      | Reached XP level 8. HP: 46/59 MP: 11/13
  5038 | D:5      | Found a sand-covered staircase.
  5046 | Ossuary  | Entered an ossuary
  5057 | Ossuary  | Reached skill level 10 in Unarmed Combat
  5262 | Ossuary  | Reached skill level 11 in Unarmed Combat
  5477 | Ossuary  | HP: 13/59 [decayed bog body/puff of frost (8)]
  5482 | Ossuary  | HP: 6/59 [mummy (8)]
  5484 | Ossuary  | HP: 2/59 [shot self (1)]
  5859 | D:5      | Found an iron altar of Okawaru.
  6128 | D:5      | Killed edsrzf's ghost
  6488 | D:5      | Found Teeb's Antique Armour Emporium.
  6502 | D:5      | Reached XP level 9. HP: 64/64 MP: 12/14
  6788 | D:6      | Reached skill level 12 in Unarmed Combat
  6943 | D:6      | Found a staircase to the Ecumenical Temple.
  6954 | Temple   | Entered the Ecumenical Temple
  7448 | D:6      | Noticed Blork the orc
  8207 | D:7      | Reached skill level 13 in Unarmed Combat
  8445 | D:7      | Found Pruwu's General Store.
  8461 | D:7      | Bought a scroll of teleportation for 42 gold pieces
  8461 | D:7      | Bought a potion of curing for 42 gold pieces
  8461 | D:7      | Bought a scroll of identify for 28 gold pieces
  8708 | D:7      | Learned a level 5 spell: Blade Hands
  8838 | D:7      | Reached skill level 2 in Dodging
  9111 | D:8      | Found a staircase to the Lair.
  9407 | D:9      | Reached skill level 3 in Transmutations
  9721 | D:9      | Reached skill level 3 in Dodging
  9729 | D:9      | Found a white marble altar of Elyvilon.
  9790 | D:9      | Reached XP level 10. HP: 57/71 MP: 16/16
  9863 | D:9      | Noticed Maurice
  9873 | D:9      | Killed Maurice
  9873 | D:9      | Reached skill level 4 in Transmutations
 10170 | D:9      | Found a burning altar of Makhleb.
 10170 | D:9      | Found a stormy altar of Qazlal.
 10171 | D:9      | Found an iron altar of Okawaru.
 10176 | D:9      | Found a shattered altar of Ashenzari.
 10179 | D:9      | Became a worshipper of Makhleb the Destroyer
 10271 | D:9      | Found a glowing golden altar of the Shining One.
 10277 | D:9      | Reached skill level 4 in Dodging
 10372 | D:10     | Entered Level 10 of the Dungeon
 10649 | Lair:1   | Entered Level 1 of the Lair of Beasts
 10676 | Lair:1   | Reached skill level 5 in Transmutations
 10726 | Lair:1   | Reached skill level 5 in Dodging
 10879 | D:8      | Acquired Makhleb's first power
 11087 | Lair:1   | Reached skill level 6 in Transmutations
 11105 | Lair:1   | HP: 11/71 [spiny frog (18)]
 11106 | Lair:1   | HP: 5/71 [spiny frog (4)]
 11118 | Lair:1   | HP: 17/71 [poisoned by a spiny frog]
 11123 | Lair:1   | HP: 13/71 [poisoned by a spiny frog]
 11128 | Lair:1   | HP: 10/71 [poisoned by a spiny frog]
 11134 | Lair:1   | HP: 9/71 [poisoned by a spiny frog]
 11140 | Lair:1   | HP: 8/71 [poisoned by a spiny frog]
 11148 | Lair:1   | HP: 8/71 [poisoned by a spiny frog]
 11467 | Lair:1   | Reached skill level 6 in Dodging
 11503 | Lair:1   | Reached skill level 7 in Transmutations
 11743 | Lair:1   | Reached XP level 11. HP: 75/77 MP: 15/17
 11860 | Lair:1   | Reached skill level 7 in Dodging
 12083 | Lair:1   | Reached skill level 8 in Transmutations
 12545 | Lair:1   | Acquired Makhleb's second power
 12773 | Lair:2   | Reached skill level 9 in Transmutations
 13249 | Lair:2   | Reached skill level 10 in Transmutations
 13901 | Lair:3   | Learned a level 4 spell: Ice Form
 13949 | Lair:3   | Reached skill level 11 in Transmutations
 14223 | Lair:3   | Acquired Makhleb's third power
 14489 | Lair:3   | Acquired Makhleb's fourth power
 14504 | Lair:3   | Reached skill level 8 in Dodging
 14506 | Lair:3   | Reached XP level 12. HP: 66/83 MP: 7/18
 14957 | Lair:4   | Noticed edsrzf's ghost (powerful SpAs)
 14974 | Lair:4   | Killed edsrzf's ghost
 15295 | Lair:4   | Reached skill level 9 in Dodging
 15574 | Lair:4   | Reached skill level 10 in Dodging
 15619 | Lair:4   | Found a staircase to the Swamp.
 15712 | Lair:4   | Found a hole to the Spider Nest.
 15959 | Lair:4   | Acquired Makhleb's fifth power
 16195 | Lair:5   | Reached skill level 11 in Dodging
 16251 | Lair:5   | Noticed a five-headed hydra
 16260 | Lair:5   | Killed a five-headed hydra
 16966 | Lair:5   | Reached skill level 12 in Dodging
 17093 | Lair:5   | Reached XP level 13. HP: 89/89 MP: 15/19
 17588 | Lair:6   | Reached skill level 13 in Dodging
 17609 | Lair:5   | HP: 19/89 [death yak (22)]
 18209 | Lair:6   | Reached skill level 14 in Dodging
 18453 | Lair:6   | Found a staircase to the Slime Pits.
 18480 | Lair:6   | Found a viscous altar of Jiyva.
 19048 | Lair:7   | Found a white marble altar of Elyvilon.
 19259 | Lair:7   | Reached skill level 15 in Dodging
 19275 | Lair:7   | Gained mutation: Your wings are large and strong. [draconian growth]
 19275 | Lair:7   | Reached XP level 14. HP: 96/96 MP: 12/20
 19404 | Lair:7   | Noticed Erica
 19411 | Lair:7   | Killed Erica
 19486 | Lair:7   | Reached skill level 12 in Transmutations
 19572 | Lair:7   | Noticed Snorg
 19580 | Lair:7   | Killed Snorg
 19861 | Lair:8   | Entered Level 8 of the Lair of Beasts
 20474 | Lair:8   | HP: 23/96 [fire drake/blast of flame (25)]
 21331 | D:10     | zzxc: drakadaka
 21331 | D:10     | zzxc: U cant tell if your ev is really high or your ac is really low
 21331 | D:10     | zzxc: I
 21331 | D:10     | zzxc: it must be the ev
 21331 | D:10     | Sixotanaka: lol
 21331 | D:10     | Sixotanaka: ac is low
 21331 | D:10     | Sixotanaka: draconian...
 21348 | D:10     | Noticed Nergalle
 21349 | D:10     | zzxc: but draconian gets innate ac
 21353 | D:10     | zzxc: not enough to compensate, but a decent amount
 21353 | D:10     | Sixotanaka: AC+8
 21353 | D:10     | zzxc: oh you have no aux slots yet
 21353 | D:10     | Sixotanaka: +0 cloak
 21359 | D:10     | Killed Nergalle
 21382 | D:10     | zzxc: fail
 21428 | D:10     | zzxc: mut roulette!
 21428 | D:10     | Sixotanaka: lol
 21428 | D:10     | Sixotanaka: Did you take one from my name or something?
 21428 | D:10     | zzxc: huh?
 21428 | D:10     | Sixotanaka: We're doing sorting algorithms in class today
 21428 | D:10     | Sixotanaka: I did a full year on that at uni rofl
 21428 | D:10     | Sixotanaka: sixo - 1 = fiveo
 21428 | D:10     | zzxc: no idea what you're talking about
 21428 | D:10     | Sixotanaka: zzxc: mut roulette!
 21545 | D:10     | Killed an unseen horror
 21547 | D:10     | zzxc: I do mut roulette
 21585 | D:10     | zzxc: whwen I feel like the game will be so easy
 21594 | D:10     | Sixotanaka: lol
 21594 | D:10     | zzxc: that I can win no matte rwhat
 21594 | D:10     | Sixotanaka: i mean I'm pretty fucking strong righ tnow
 21594 | D:10     | zzxc: ie when i play troll
 21594 | D:10     | Sixotanaka: but it wont be true the whole game
 21660 | D:10     | zzxc: 15 dodging
 21710 | D:10     | zzxc: time to trian something else?
 21783 | D:10     | Sixotanaka: what else to train tho
 21816 | D:10     | zzxc: what's your fighting at
 21816 | D:10     | Sixotanaka: maybe when I hit orc I'll change over to fgt
 21854 | D:10     | Sixotanaka: or 16
 21854 | D:10     | Sixotanaka: w/e comes first
 21865 | D:10     | zzxc: sometimes I do orc before lair
 21868 | D:10     | zzxc: cos it's ez
 21908 | D:10     | Found an opulent altar of Gozag.
 21909 | D:10     | zzxc: and find good gear
 21920 | D:10     | Sixotanaka: and a burst of xp
 21920 | D:10     | zzxc: and shops
 21920 | D:10     | Sixotanaka: from ogres/warriors/warlords
 21942 | D:10     | Reached skill level 13 in Transmutations
 22048 | D:10     | zzxc: nah I would avoid warlords
 22102 | D:10     | zzxc: I'd avoid orc 4
 22120 | D:10     | zzxc: just do 1-3 and get the shops
 22122 | D:10     | zzxc: that are likely to spawn
 22131 | D:10     | zzxc: and find weapons
 22137 | D:10     | zzxc: plate etc
 22160 | D:10     | Found a staircase to the Orcish Mines.
 22164 | D:10     | Found Rennusit's Armour Boutique.
 22177 | D:10     | Bought a +0 pair of gloves for 76 gold pieces
 22177 | D:10     | Bought a +0 pair of boots for 76 gold pieces
 22179 | D:10     | zzxc: nice shield
 22179 | D:10     | Sixotanaka: wrong hotkey lol
 22179 | D:10     | Sixotanaka: need to help someone one sec
 22179 | D:10     | zzxc: im gonna finish my formicid today
 22179 | D:10     | zzxc: up to vault 5
 22179 | D:10     | Sixotanaka: someone made a project
 22179 | D:10     | Sixotanaka: that was a win32 console app
 22179 | D:10     | Sixotanaka: and not an empty app
 22179 | D:10     | Sixotanaka: xD
 22179 | D:10     | Sixotanaka: "Unresolved symbol __WinMain)
 22179 | D:10     | Sixotanaka: "*
 22179 | D:10     | Sixotanaka: do I want to use the shield you think?
 22184 | D:10     | zzxc: it's a really nice one
 22197 | D:10     | zzxc: but you need a lot of skill so idk
 22221 | D:10     | zzxc: but you dont need to train many t hings i guess
 22222 | D:10     | Sixotanaka: mm
 22222 | D:10     | Sixotanaka: it's true
 22222 | D:10     | Sixotanaka: blade hands melds shields tho
 22448 | D:10     | zzxc: you wont be needing to use blade hands later
 22490 | D:10     | zzxc: or
 22491 | Orc:1    | Entered Level 1 of the Orcish Mines
 22493 | Orc:1    | zzxc: you can just use it when you dont need a shield
 22494 | Orc:1    | zzxc: and gloves
 22807 | Orc:1    | zzxc: some invo can be good too
 22827 | Orc:1    | zzxc: about 9 is enough
 22838 | Orc:1    | zzxc: for makhleb
 22838 | Orc:1    | Sixotanaka: ye
 22838 | Orc:1    | Sixotanaka: that was my plan next
 22838 | Orc:1    | Sixotanaka: but i was forgetting fgt
 22847 | Orc:1    | zzxc: major destruction > hydra
 22911 | Orc:1    | Sixotanaka: u know how I deal with hydras?
 22911 | Orc:1    | Sixotanaka: LIKE SO
 23081 | Orc:1    | Sixotanaka: even slows them
 23107 | Orc:1    | Found a runed door.
 23237 | Orc:1    | Sixotanaka: hehe so one other guy had a go at DCSS
 23237 | Orc:1    | Sixotanaka: at uni
 23237 | Orc:1    | Sixotanaka: "I fucking suck at that game"
 23237 | Orc:1    | zzxc: lol
 23237 | Orc:1    | Sixotanaka: me: "Don't worry, every single human does"
 23237 | Orc:1    | zzxc: elliptic isnt human
 23237 | Orc:1    | Sixotanaka: yep
 23237 | Orc:1    | Sixotanaka: yermak/4th suck
 23237 | Orc:1    | Sixotanaka: according to them
 23237 | Orc:1    | zzxc: well they're only human
 23237 | Orc:1    | Sixotanaka: rofl
 23237 | Orc:1    | Sixotanaka: bart
 23237 | Orc:1    | Sixotanaka: bad
 23237 | Orc:1    | Sixotanaka: badrt
 23254 | Orc:1    | Sixotanaka: do I open?
 23254 | Orc:1    | zzxc: yes
 23254 | Orc:1    | zzxc: probably just a few priests
 23254 | Orc:1    | Sixotanaka: this is how I die
 23254 | Orc:1    | Sixotanaka: 90% of the time
 23266 | Orc:1    | zzxc: ezpz
 23280 | Orc:1    | zzxc: just run like chiken
 23316 | Orc:1    | Found a roughly hewn altar of Beogh.
 23341 | Orc:1    | zzxc: progress
 23371 | Orc:1    | Sixotanaka: u mean run in like man
 23371 | Orc:1    | zzxc: im listening to rodrigo y gabriela's new album
 23371 | Orc:1    | Sixotanaka: chiken would run away
 23375 | Orc:1    | Sixotanaka: how is
 23375 | Orc:1    | zzxc: warming up to it
 23375 | Orc:1    | Sixotanaka: that's good
 23375 | Orc:1    | zzxc: initially found it boring
 23375 | Orc:1    | Sixotanaka: u never like anything first listen
 23396 | Orc:1    | zzxc: but it's rather subtle
 23400 | Orc:1    | zzxc: nah
 23405 | Orc:1    | zzxc: i do
 23405 | Orc:1    | zzxc: just not much
 23405 | Orc:1    | Sixotanaka: I've been listening to a lot of DT albums
 23405 | Orc:1    | Sixotanaka: on the train etc.
 23405 | Orc:1    | Sixotanaka: warming up to a lot more of their discog
 23438 | Orc:2    | zzxc: like what?
 23460 | Orc:2    | Sixotanaka: well
 23460 | Orc:2    | Sixotanaka: just a lot of the 'filler' songs
 23987 | Orc:3    | Found a staircase to the Elven Halls.
 23998 | Orc:3    | zzxc: but like
 23998 | Orc:3    | zzxc: the RyG album
 23998 | Orc:3    | zzxc: I thought I could like more of it by listening more
 23998 | Orc:3    | zzxc: im yet to listen to the new opeth album more
 23998 | Orc:3    | zzxc: same with steven wilson's new album
 23998 | Orc:3    | zzxc: listened to it once
 23998 | Orc:3    | zzxc: one song stuck out
 23998 | Orc:3    | zzxc: listening to that a lot
 23998 | Orc:3    | Fiveotanaka: 8===D
 23998 | Orc:3    | Fiveotanaka: http://grooveshark.com/#!/s/February/4yBnUA?src=5 dave, this is a musical guilty pleasure I had when I was 15/16, check it out :P
 24192 | Orc:3    | Noticed Josephine
 24196 | Orc:3    | Reached skill level 16 in Dodging
 24201 | Orc:3    | Killed Josephine
 24424 | Orc:4    | Entered Level 4 of the Orcish Mines
 24691 | Orc:3    | zzxc: yeah, I dont like that
 24691 | Orc:3    | Fiveotanaka: hah all of it?
 24691 | Orc:3    | Fiveotanaka: I enjoyed the buildup
 24691 | Orc:3    | Fiveotanaka: still sounds good to me today
 24691 | Orc:3    | zzxc: im gonna continue my Fo
 24691 | Orc:3    | zzxc: vaults:5
 24691 | Orc:3    | Upgraded the game from 0.17-a0-65-gc96cd5b to 0.17-a0-68-g6943d70
 25096 | Orc:4    | Learned a level 5 spell: Phase Shift
 25117 | Orc:4    | Found Stoson's General Store.
 25118 | Orc:4    | Found Bytaochiu's Distillery.
 25265 | Orc:4    | Bought a potion of haste for 170 gold pieces
 25265 | Orc:4    | Bought a potion of beneficial mutation for 595 gold pieces
 25271 | Orc:4    | Gained mutation: Your spells are a little harder to cast, but a little more powerful. [potion of beneficial mutation]
 25384 | Orc:4    | Found Dipp's Food Shoppe.
 25524 | Orc:4    | Reached skill level 2 in Fighting
 25572 | Orc:4    | Reached skill level 3 in Fighting
 25587 | Orc:4    | Reached skill level 4 in Fighting
 25735 | Orc:4    | Reached skill level 5 in Fighting
 25784 | Orc:4    | Reached skill level 6 in Fighting
 25788 | Orc:4    | Reached XP level 15. HP: 114/116 MP: 7/21
 25803 | Orc:4    | Reached skill level 7 in Fighting
 25845 | Orc:4    | Paralysed by an orc sorcerer for 7 turns
 26272 | Orc:4    | Found Jigosto's Antique Armour Emporium.
 26272 | Orc:4    | Found a one-way gate leading to the halls of Pandemonium.
 26272 | Orc:4    | Found Evuemun's Gadget Shoppe.
 26279 | Orc:4    | Reached skill level 8 in Fighting
 26289 | Orc:4    | Bought a wand of hasting (4) for 720 gold pieces
 27380 | D:12     | Reached skill level 9 in Fighting
 27403 | D:12     | Reached skill level 1 in Invocations
 27550 | D:12     | Found Xualotas' Pet Rocks.
 27705 | D:12     | Noticed Joseph
 27714 | D:12     | Killed Joseph
 28028 | D:12     | Reached skill level 2 in Invocations
 28293 | D:12     | Reached skill level 3 in Invocations
 28505 | D:13     | Noticed Psyche
 28515 | D:13     | Paralysed by Psyche for 2 turns
 28520 | D:13     | Killed Psyche
 28622 | D:13     | Found a basalt altar of Yredelemnul.
 28797 | D:13     | Reached skill level 10 in Fighting
 28797 | D:13     | Reached skill level 4 in Invocations
 29495 | D:14     | Reached skill level 5 in Invocations
 29501 | D:14     | Found a gate to the Vaults.
 30086 | D:14     | Reached skill level 6 in Invocations
 30222 | D:15     | Entered Level 15 of the Dungeon
 30234 | D:15     | Noticed Maud
 30239 | D:15     | Killed Maud
 30239 | D:15     | Reached skill level 11 in Fighting
 30460 | D:15     | Reached skill level 7 in Invocations
 30633 | D:15     | Reached XP level 16. HP: 139/139 MP: 6/27
 30649 | D:15     | Reached skill level 8 in Invocations
 30964 | D:15     | Found a staircase to the Depths.
 30966 | D:15     | Reached skill level 12 in Fighting
 31207 | D:10     | Bought the cursed +0 shield "Kuer" {Contam rPois rF++ Str+3} for 525 gold pieces
 31331 | D:7      | Bought a scroll of vulnerability for 105 gold pieces
 31852 | D:3      | Killed Sixotanaka's ghost
 32125 | Spider:1 | Entered Level 1 of the Spider Nest
 32254 | Spider:1 | Reached skill level 1 in Shields
 32341 | Spider:1 | Reached skill level 2 in Shields
 32524 | Spider:1 | Reached skill level 3 in Shields
 32687 | Spider:1 | Reached skill level 4 in Shields
 32980 | Spider:1 | Reached skill level 5 in Shields
 33713 | Spider:2 | Reached skill level 6 in Shields
 33952 | Spider:2 | Reached skill level 7 in Shields
 33994 | Spider:2 | Noticed Nikola
 34012 | Spider:2 | Killed Nikola
 34350 | Spider:2 | Reached skill level 8 in Shields
 34514 | Spider:3 | Noticed Asterion
 34532 | Spider:3 | Killed Asterion
 34731 | Spider:3 | Noticed Agnes
 34754 | Spider:3 | HP: 30/139 [something (23)]
 34761 | Spider:3 | HP: 31/139 [something (14)]
 34762 | Spider:3 | Killed Agnes
 34762 | Spider:3 | Reached skill level 9 in Shields
 34766 | Spider:3 | Noticed Kirke
 35209 | Spider:3 | Noticed Norris
 35222 | Spider:3 | Paralysed by something for 7 turns
 35238 | Spider:3 | Killed Norris
 35285 | Spider:3 | Reached skill level 10 in Shields
 35366 | Spider:3 | Noticed Frances
 35378 | Spider:3 | Killed Frances
 35453 | Spider:3 | Noticed Arachne
 35468 | Spider:3 | Killed Arachne
 35787 | Spider:3 | Reached skill level 11 in Shields
 35874 | Spider:3 | Reached XP level 17. HP: 146/146 MP: 28/28
 36048 | Spider:3 | Killed Kirke
 36435 | Spider:4 | Noticed Aizul
 36457 | Spider:4 | Killed Aizul
 36638 | Spider:4 | Reached skill level 12 in Shields
 37499 | Spider:5 | Entered Level 5 of the Spider Nest
 37708 | Spider:5 | Reached skill level 13 in Shields
 37885 | Spider:5 | HP: 35/146 [demonic crawler (7)]
 38459 | Spider:5 | HP: 33/146 [emperor scorpion (4)]
 38462 | Spider:5 | HP: 16/146 [emperor scorpion (19)]
 38840 | Spider:5 | Reached skill level 14 in Shields
 39671 | Spider:5 | Got a gossamer rune of Zot
 39701 | Spider:5 | Reached skill level 15 in Shields
 39880 | Swamp:1  | Entered Level 1 of the Swamp
 39893 | Swamp:1  | Reached skill level 1 in Evocations
 40040 | Swamp:1  | Reached skill level 2 in Evocations
 40576 | Swamp:2  | Reached XP level 18. HP: 156/156 MP: 29/29
 40583 | Swamp:2  | Reached skill level 3 in Evocations
 40651 | Swamp:2  | Reached skill level 13 in Fighting
 41122 | Swamp:3  | Reached skill level 4 in Evocations
 41285 | Swamp:3  | Learned a level 4 spell: Control Teleport
 41334 | Swamp:3  | Noticed Wiglaf
 41349 | Swamp:3  | Killed Wiglaf
 41702 | Swamp:3  | Reached skill level 5 in Evocations
 41913 | Swamp:4  | Noticed Donald
 41931 | Swamp:4  | Killed Donald
 42020 | Swamp:4  | Reached skill level 14 in Fighting
 42092 | Swamp:4  | Noticed Roxanne
 42246 | Swamp:4  | Killed Roxanne
 42248 | Swamp:4  | Identified Roxanne's Disquisition on the Mountains and Transmutation (You took it off Roxanne on level 4 of the Swamp)
 42252 | Swamp:4  | Learned a level 2 spell: Stoneskin
 42646 | Swamp:5  | Entered Level 5 of the Swamp
 42680 | Swamp:5  | Reached skill level 6 in Evocations
 42944 | Swamp:5  | Reached skill level 7 in Evocations
 42946 | Swamp:5  | Reached skill level 15 in Fighting
 43012 | Swamp:5  | Got a decaying rune of Zot
 43752 | Elf:1    | Entered Level 1 of the Elven Halls
 44231 | Elf:1    | Reached skill level 8 in Evocations
 44880 | Elf:2    | Reached skill level 16 in Fighting
 45106 | Elf:2    | Reached XP level 19. HP: 172/172 MP: 30/30
 45182 | Elf:2    | Found a huge runed gate.
 45183 | Elf:2    | Found a huge runed gate.
 45183 | Elf:2    | Found a huge runed gate.
 45294 | Elf:3    | Entered Level 3 of the Elven Halls
 45320 | Elf:3    | Learned a level 1 spell: Apportation
 45324 | Elf:3    | Found a radiant altar of Vehumet.
 45416 | Elf:3    | Found Ifumnerph's Weapon Boutique.
 45670 | Elf:3    | Reached skill level 1 in Charms
 45892 | Elf:3    | Reached skill level 2 in Charms
 46093 | Elf:3    | Reached skill level 3 in Charms
 46331 | Elf:3    | Reached skill level 4 in Charms
 46548 | Elf:3    | Cast into the Abyss (a deep elf demonologist)
 46548 | Abyss:1  | Found a corrupted altar of Lugonu.
 46690 | Abyss:1  | Reached skill level 17 in Dodging
 46690 | Abyss:1  | Paralysed by accursed screaming for 1 turns
 46792 | Abyss:1  | Reached skill level 5 in Charms
 47137 | Abyss:1  | Reached skill level 6 in Charms
 47215 | Abyss:1  | Noticed a bone dragon
 47226 | Abyss:1  | Killed a bone dragon
 47429 | Abyss:1  | Found a corrupted altar of Lugonu.
 47495 | Abyss:1  | Found a corrupted altar of Lugonu.
 47634 | Abyss:1  | Reached skill level 7 in Charms
 47961 | Elf:3    | Escaped the Abyss
 47973 | Elf:3    | Reached skill level 8 in Charms
 48058 | Elf:3    | Identified a +1 pair of boots of running (You found it on level 3 of the Elven Halls)
 48121 | Elf:3    | Reached skill level 18 in Dodging
 48128 | Elf:3    | HP: 42/172 [poisoned by a ghostly deep elf blademaster]
 48133 | Elf:3    | HP: 33/172 [poisoned by a ghostly deep elf blademaster]
 48138 | Elf:3    | HP: 28/172 [poisoned by a ghostly deep elf blademaster]
 48143 | Elf:3    | HP: 24/172 [poisoned by a ghostly deep elf blademaster]
 48149 | Elf:3    | HP: 23/172 [poisoned by a ghostly deep elf blademaster]
 48154 | Elf:3    | HP: 21/172 [poisoned by a ghostly deep elf blademaster]
 48160 | Elf:3    | HP: 22/172 [poisoned by a ghostly deep elf blademaster]
 48168 | Elf:3    | HP: 23/172 [poisoned by a ghostly deep elf blademaster]
 48478 | Elf:3    | HP: 41/172 [ghostly deep elf blademaster/rapier of venom (3)]
 48479 | Elf:3    | HP: 20/172 [ghostly deep elf blademaster/rapier of venom (14)]
 48482 | Elf:3    | HP: 7/172 [ghostly deep elf blademaster/rapier of venom (12)]
 48487 | Elf:3    | HP: 29/172 [ghostly deep elf blademaster/rapier of venom (15)]
 48492 | Elf:3    | HP: 22/172 [poisoned by a ghostly deep elf blademaster]
 48493 | Elf:3    | HP: 10/172 [ghostly deep elf blademaster/rapier of venom (3)]
 48500 | Elf:3    | HP: 8/172 [poisoned by a ghostly deep elf blademaster]
 49158 | Vaults:1 | Entered Level 1 of the Vaults
 49871 | Vaults:1 | Reached skill level 9 in Charms
 49904 | Vaults:1 | HP: 29/172 [boulder beetle (23)]
 49911 | Vaults:1 | HP: 27/172 [boulder beetle (2)]
 50399 | Vaults:1 | Reached XP level 20. HP: 176/180 MP: 30/30
 50711 | Vaults:2 | HP: 40/180 [vault warden/war axe of freezing (16)]
 50719 | Vaults:2 | HP: 43/180 [vault guard/long sword[a vault warden] (6)]
 50727 | Vaults:2 | HP: 45/180 [vault warden/war axe of freezing (3)]
 50729 | Vaults:2 | HP: 22/180 [vault warden/war axe of freezing (6)]
 51609 | Vaults:1 | Reached skill level 19 in Dodging
 53294 | Vaults:2 | Reached skill level 20 in Dodging
 53592 | Vaults:3 | Noticed Jorgrun
 53603 | Vaults:3 | Killed Jorgrun
 53764 | Vaults:3 | Noticed Sixotanaka's ghost (mighty DrTm)
 53775 | Vaults:3 | Killed Sixotanaka's ghost
 54054 | Vaults:3 | Found a staircase to the Crypt.
 54996 | Vaults:4 | Reached XP level 21. HP: 190/190 MP: 31/31
 55206 | Vaults:4 | Reached skill level 17 in Fighting
 55442 | Vaults:4 | HP: 31/191 [???[an ironheart preserver] (29)]
 55817 | Vaults:4 | Reached skill level 14 in Unarmed Combat
 56805 | Vaults:5 | Entered Level 5 of the Vaults
 56824 | Vaults:4 | Reached skill level 18 in Fighting
 56838 | Vaults:5 | Reached skill level 15 in Unarmed Combat
 56846 | Vaults:5 | HP: 48/194 [storm dragon (6)]
 56848 | Vaults:5 | HP: 14/194 [vault guard/war axe (13)]
 56848 | Vaults:5 | Mangled by a vault guard

Vanquished Creatures
  Norris (Spider:3)
  A bone dragon (Abyss:1)
  Arachne (Spider:3)
  The ghost of Sixotanaka the Slayer, a mighty DrTm of Ashenzari (Vaults:3)
  Nikola (Spider:2)
  A lich (Vaults:4)
  A deep elf master archer (Elf:3)
  Asterion (Spider:3)
  A Shadow Fiend (Vaults:4)
  4 tentacled starspawn
  A sphinx (Vaults:4)
  Agnes (Spider:3)
  Kirke (Spider:3)
  2 thorn hunters
  A storm dragon (Vaults:5)
  Frances (Spider:3)
  An ancient champion (Vaults:3)
  Roxanne (Swamp:4)
  A daeva (Abyss:1)
  A frost giant (Vaults:3)
  A fire giant (Vaults:5)
  Donald (Swamp:4)
  Wiglaf (Swamp:3)
  4 ghost moths (Spider:5)
  Maud (D:15)
  A cacodemon (Vaults:4)
  9 vault wardens
  A balrug (Abyss:1)
  Aizul (Spider:4)
  7 deep elf sorcerers
  10 emperor scorpions
  Jorgrun (Vaults:3)
  A war gargoyle (Vaults:2)
  A very ugly thing (Abyss:2)
  16 ironheart preservers
  4 deep elf demonologists
  2 stone giants (Vaults:2)
  8 deep elf annihilators
  2 lorocyprocas (Abyss:1)
  An unborn (Abyss:1)
  Snorg (Lair:7)
  4 deep elf death magi (Elf:3)
  3 fire dragons
  Josephine (Orc:3)
  A great orb of eyes (Vaults:3)
  7 yaktaur captains
  A deep elf high priest (Elf:3)
  2 ettins (Vaults:3)
  16 vault guards
  An ice dragon (Vaults:4)
  2 deep troll earth magi
  8 alligators
  3 rakshasas
  Erica (Lair:7)
  The ghost of edsrzf the Imperceptible, a powerful SpAs of Gozag (Lair:4)
  9 death yaks
  24 hydras
  10 centaur warriors
  A dancing weapon (Elf:2)
  A vampire mage (Vaults:3)
  12 ogre magi
  8 orc high priests (Orc:4)
  3 deep troll shamans
  4 tengu warriors
  3 thrashing horrors
  3 soul eaters
  Nergalle (D:10)
  6 deep elf knights
  2 sun demons (Abyss:1)
  6 skeletal warriors
  A wretched star (Abyss:1)
  A fire crab (Vaults:4)
  2 ice devils
  A shadow wraith (Vaults:3)
  2 unseen horrors
  A spriggan druid (Swamp:4)
  2 gelid demonspawn (Orc:4)
  3 giant orange brains
  A putrid demonspawn (Orc:4)
  3 wizards
  11 swamp dragons
  12 orc knights
  10 hill giants
  A shambling mangrove (Swamp:5)
  26 ugly things
  15 deep trolls
  11 deep elf summoners
  5 harpies
  8 ironbrand convokers
  An infernal demonspawn (Orc:4)
  An anubis guard (shapeshifter) (Elf:2)
  2 flayed ghosts (Abyss:1)
  A frost giant zombie (Vaults:1)
  8 large abominations
  3 griffons
  9 deep elf conjurers
  7 cyclopes
  33 wolf spiders
  19 orb spiders
  2 necromancers
  3 manticores
  4 orc sorcerers
  A draconian (shapeshifter) (Abyss:1)
  8 hornets
  A smoke demon (Orc:4)
  11 elephants
  A black mamba (shapeshifter) (D:14)
  2 sixfirhies (Orc:4)
  13 vault sentinels
  Maurice (D:9)
  A moth of wrath (Spider:4)
  Joseph (D:12)
  A rust devil (Orc:4)
  2 hellions
  10 black mambas
  A guardian serpent (Abyss:1)
  An orange demon (Abyss:2)
  2 naga magi (Abyss:1)
  5 torpor snails
  29 spiny frogs
  Psyche (D:13)
  3 gargoyles
  2 spiny frogs (shapeshifter)
  14 demonic crawlers
  2 kobold demonologists (Vaults:3)
  18 komodo dragons
  2 tormentors (Vaults:4)
  2 fire drakes
  5 deep elf priests
  4 ancient zymes
  26 jumping spiders
  2 tengu conjurers
  34 yaktaurs
  A polar bear (shapeshifter) (Vaults:2)
  7 trolls
  7 freezing wraiths
  3 red devils
  24 blink frogs
  7 giant leeches
  3 polar bears
  The ghost of edsrzf the Insei, an average DrTm (D:5)
  22 slime creatures
  A tengu simulacrum (Vaults:3)
  22 ravens
  20 two-headed ogres
  2 two-headed ogres (shapeshifter)
  8 boulder beetles
  A raiju (Abyss:2)
  8 basilisks
  9 baby alligators
  6 wraiths
  17 starcursed masses (Abyss:1)
  25 trapdoor spiders
  A vampire (D:14)
  28 tarantellas
  65 redbacks
  2 tarantellas (shapeshifter)
  A human (shapeshifter) (D:14)
  27 deep elf magi
  A fire bat (Abyss:2)
  A spriggan (shapeshifter) (D:15)
  3 spriggans
  3 ynoxinuls
  4 hogs (Spider:3)
  3 hungry ghosts
  43 yaks
  A naga (shapeshifter) (D:14)
  4 shadows
  22 deep elf fighters
  21 wolves
  13 vampire mosquitoes
  9 hippogriffs
  4 wargs
  3 mottled dragons
  4 steam dragons
  2 chaos spawn (Abyss:1)
  An infernal demonspawn zombie (Orc:4)
  34 swamp worms
  10 insubstantial wisps
  3 nagas (Abyss:1)
  2 wyverns
  A sky beast (D:10)
  A deep troll zombie (Vaults:1)
  27 water moccasins
  20 swamp drakes
  A gelid demonspawn skeleton (Orc:4)
  48 orc warriors
  10 wasps
  48 spiders
  3 black bears
  8 porcupines
  12 ice beasts
  14 centaurs
  7 phantoms
  The ghost of Sixotanaka the Insei, an average DrTm (D:3)
  2 boring beetles
  8 boggarts (D:14)
  2 eyes of draining
  20 crocodiles
  48 ogres
  A big kobold (shapeshifter) (Vaults:3)
  A yaktaur zombie (Vaults:1)
  A big kobold (D:10)
  2 elf zombies (D:13)
  2 brain worms (Abyss:1)
  2 earth elementals (D:12)
  A gnoll sergeant (D:10)
  22 giant frogs
  A water moccasin skeleton (D:9)
  A troll zombie (D:13)
  14 wights
  9 small abominations
  4 scorpions
  An elf skeleton (Vaults:1)
  4 electric eels
  3 goliath beetles
  4 killer bees (D:13)
  11 hounds
  9 bog bodies
  5 giant frog zombies
  4 crimson imps
  6 centaur zombies
  A two-headed ogre zombie (Vaults:1)
  2 jellies
  4 centaur skeletons
  6 human zombies
  30 orc wizards
  37 orc priests
  3 giant frog skeletons
  3 quasits
  A human skeleton (D:13)
  2 iron imps (Abyss:1)
  15 hell rats
  11 iguanas
  12 worker ants
  A killer bee zombie (Ossuary)
  17 sheep
  An ogre zombie (D:13)
  4 hound zombies
  5 mummies
  6 orc zombies
  2 worker ant zombies (Ossuary)
  10 gnolls
  55 river rats
  25 adders
  4 shadow imps
  4 orc skeletons (Orc:4)
  2 white imps (Lair:7)
  5 worms
  A giant eyeball (shapeshifter) (D:14)
  4 ufetubi (Abyss:2)
  2 adder skeletons
  2 adder zombies
  4 giant geckos
  3 oozes
  208 orcs
  2 bat zombies (Ossuary)
  4 giant cockroaches
  11 hobgoblins
  13 jackals
  26 kobolds
  9 quokkas
  4 ball pythons
  11 bats
  A giant cockroach zombie (Ossuary)
  A giant gecko skeleton (D:4)
  2 giant gecko zombies (Ossuary)
  5 giant newts
  2 giant spores
  27 goblins
  A jackal zombie (Ossuary)
  A quokka zombie (Ossuary)
  28 rats
  2 ballistomycetes
  2 briar patches (Swamp:5)
  A plant (Ossuary)
  2 starspawn tentacles (Abyss:2)
2202 creatures vanquished.

Vanquished Creatures (collateral kills)
  A vault guard (Vaults:2)
  A hydra (D:13)
  An ogre mage (Vaults:3)
  A centaur zombie (D:13)
  An ogre (Vaults:3)
5 creatures vanquished.

Vanquished Creatures (others)
  A green death (Vaults:5)
  A spriggan druid (Swamp:5)
  A yaktaur (Vaults:4)
  An ogre (Vaults:4)
  2 lost souls (Elf:3)
  An orc priest (Orc:4)
  An orc wizard (Vaults:1)
  2 fungi (Lair:3)
  A plant (Ossuary)
  5 starspawn tentacles
  107 starspawn tentacle segments
123 creatures vanquished.

Grand Total: 2330 creatures vanquished
